 Dungeon Crawl Stone Soup version 0.18-a0-1788-g92de1ac (webtiles) character file.

28 macross the Grasshopper (level 3, 0/24 (30) HPs)
             Began as a Ghoul Warper on Apr 21, 2016.
             Hit by a goblin thrown by Robin (2 damage)
             ... on level 2 of the Dungeon.
             The game lasted 00:07:32 (2132 turns).

macross the Grasshopper (Ghoul Warper)              Turns: 2132, Time: 00:07:32

HP:   0/24 (30)     AC:  2    Str: 14    XL:     3   Next: 14%
MP:   4/4           EV: 12    Int:  8    God:
Gold: 39            SH:  0    Dex:  9    Spells: 2 memorised, 2 levels left

rFire  . . .     SeeInvis +     a - +0 falchion
rCold  + . .     Gourm    .     f - +0 robe
rNeg   + + +     Faith    .     (no shield)
rPois  ∞         Spirit   .     (no helmet)
rElec  .         Dismiss  .     (no cloak)
rCorr  .         Reflect  .     (no gloves)
SustAt .         Harm     .     (no boots)
MR     .....                    (no amulet)
Stlth  +.........               (no ring)
                                i - ring of see invisible

@: very slightly contaminated, rotting, not resistant to hostile enchantments,
very unstealthy
A: rotting body, claws 1, carnivore 3, cold resistance 1, negative energy
resistance 3, slow regeneration 1, torment resistance, unbreathing
a: no special abilities


You were on level 2 of the Dungeon.
You were hungry.

You visited 1 branch of the dungeon, and saw 2 of its levels.

You collected 39 gold pieces.

Inventory:

Hand Weapons
 a - a +0 falchion (weapon)
Missiles
 e - 5 tomahawks of dispersal (quivered)
Armour
 b - a +0 leather armour
 f - a +0 robe (worn)
Jewellery
 i - a ring of see invisible (left claw)
Potions
 h - a potion of haste {unknown}
Books
 c - a book of Spatial Translocations

   Spells                             Type                      Level
   a - Apportation                    Translocation                1
   b - Blink                          Translocation                2
   c - Shroud of Golubria             Charms/Translocation         2
   d - Portal Projectile              Translocation                3
   e - Teleport Other                 Translocation                3
   f - Passage of Golubria            Translocation                4


   Skills:
 + Level 2.4 Fighting
 + Level 2.0 Long Blades
 + Level 0.8 Throwing
 + Level 1.3 Armour
 + Level 2.1 Dodging
 + Level 1.9 Spellcasting
 + Level 3.0 Translocations


You had 2 spell levels left.
You knew the following spells:

 Your Spells              Type           Power        Failure   Level  Hunger
a - Apportation           Tloc           #.........   14%         1    ##.....
b - Shroud of Golubria    Chrm/Tloc      #.........   34%         2    ###....


Dungeon Overview and Level Annotations

Branches:
Dungeon (2/15)

Altars:

Annotations:
D:2 Robin


Innate Abilities, Weirdness & Mutations

Your body is rotting away.
You thrive on raw meat.
You are immune to poison.
You have sharp fingernails.
You are carnivorous and can eat meat at any time.
Your flesh is cold resistant.
You are immune to negative energy.
You regenerate slowly when monsters are visible.
You are immune to unholy pain and torment.
You can survive without breathing.


Message History

You closely miss the goblin.
You feel less invigorated.
You feel less confused. The hobgoblin barely misses you. The goblin misses you.
You completely miss the hobgoblin. The hobgoblin closely misses you.
The goblin hits you but does no damage. The hobgoblin barely misses you.
You closely miss the hobgoblin. The goblin closely misses you.
Robin roars a battlecry!
The goblins go into a battle-frenzy!
The hobgoblin closely misses you. The goblin barely misses you.
You closely miss the hobgoblin. The hobgoblin hits you with a club.
The goblin hits you with a club.
You hit the hobgoblin.
The hobgoblin is almost dead.
Robin says, "My goblins will feast on your bones."
The hobgoblin hits you with a club!
* * * LOW HITPOINT WARNING * * *
The goblin hits you with a club.
* * * LOW HITPOINT WARNING * * *
Robin throws the goblin at you!
You die...

##.# #..g.....
..g# ###+##...
###..##### .#
$...#... #
#.##.##
####.g..g#
#......g.#
#.######g## ..
#@.gg†..# ##
#g###g#.#
...........
...........#.#
####.####.#.#.#
#. #.#.# # ..
#.### ## #..


You could see Robin, 2 hobgoblins and 2 goblins.

Vanquished Creatures
  A giant gecko (D:1)
  A ball python (D:1)
  2 giant cockroaches (D:1)
  8 goblins
  3 hobgoblins
  2 bats (D:1)
  A giant newt (D:1)
  6 kobolds (D:1)
  2 rats (D:1)
26 creatures vanquished.

Notes
Turn   | Place    | Note
--------------------------------------------------------------
     0 | D:1      | macross the Ghoul Warper began the quest for the Orb.
     0 | D:1      | Reached XP level 1. HP: 17/17 MP: 2/2
  1071 | D:1      | Reached skill level 1 in Armour
  1094 | D:1      | Reached XP level 2. HP: 12/21 MP: 3/3
  1103 | D:1      | Learned a level 2 spell: Shroud of Golubria
  1708 | D:2      | Noticed Robin
  1896 | D:1      | Reached skill level 3 in Translocations
  2009 | D:1      | Reached XP level 3. HP: 19/24 MP: 4/4
  2132 | D:2      | Hit by a goblin thrown by Robin

Vault maps used:
D:1:      lemuel_arrival_rhombus, minmay_misc_feat_x
D:2:      old_standard_altar, gammafunk_pakellas_cloud_experiment, uniq_robin

Skill      XL: |  1  2 |
---------------+-------+-----
Armour         | 1 |  1.3
Long Blades    | 2 |  2.0
Translocations | 3 |  3.0
Dodging        | 2 |  2.1
Fighting       | |  2.4
Throwing       | |  0.8
Spellcasting   | |  1.9

Action                   || total
-------------------------++-------
Melee: Falchion          ||    75
 Cast: Apportation       ||     1
       Shroud of Golubri ||     4
  Use: Scroll            ||     3
       Potion            ||     2
  Eat: Meat ration       ||     1
       Pizza             ||     1
Armor: Leather armour    ||    15
       Robe              ||    10
Dodge: Dodged            ||    74
